 Dungeon Crawl Stone Soup version 0.31-a0-187-gba352fbbf7 (webtiles) character file.

Game seed: 3064587339547333845

313 Drazool the Skirmisher (level 6, -7/35 HPs)
             Began as a Tengu Hunter on June 22, 2023.
             Mangled by a wyvern (17 damage)
             ... on level 4 of the Dungeon.
             The game lasted 00:12:36 (3029 turns).

Drazool the Skirmisher (Tengu Hunter)               Turns: 3029, Time: 00:12:37

Health: -7/35      AC:  4    Str: 11    XL:     6   Next: 43%
Magic:  7/7        EV: 19    Int: 10    God:
Gold:   84         SH:  0    Dex: 19    Spells: 5/5 levels left

rFire   . . .        a - +0 shortbow
rCold   . . .        (shield currently unavailable)
rNeg    . . .        c - +0 leather armour
rPois   .            (helmet restricted)
rElec   .            (no cloak)
rCorr   .            h - +0 pair of gloves
SInv    +            (boots unavailable)
Will    .....        f - amulet of magic regeneration
Stlth   ++           E - +5 ring of evasion
HPRegen 0.25/turn    v - ring of see invisible
MPRegen 0.50/turn

%: no passive effects
@: flying quickly and evasively, quick
A: beak, talons 3, nimble flight
a: no special abilities


You were on level 4 of the Dungeon.
You visited 1 branch of the dungeon, and saw 4 of its levels.

You collected 84 gold pieces.


Innate Abilities, Weirdness & Mutations

You have a beak for a mouth.
You have claws for feet.
Your magical nature lets you fly swiftly and evasively.


   Skills:
 - Level 2.0 Fighting
 + Level 8.3 Ranged Weapons
 - Level 2.1 Dodging
 - Level 1.0 Stealth


You had 5 spell levels left.
You didn't know any spells.
Your spell library contained the following spells:

 Spells                   Type           Power      Damage    Failure   Level
 Poisonous Vapours        Pois/Air       0%         N/A       58%         2
 Mephitic Cloud           Conj/Pois/Air  0%         N/A       83%         3
 Freezing Cloud           Conj/Ice/Air   0%         6-21      100%        5

Inventory:

Hand Weapons
 a - a +0 shortbow (weapon)
Armour
 c - a +0 leather armour (worn)
 h - a +0 pair of gloves (worn)
 j - a scarf of shadows
Jewellery
 f - an amulet of magic regeneration (around neck)
 v - a ring of see invisible (right hand)
 E - a +5 ring of evasion (left hand)
 F - a ring of protection from fire
 T - a +4 ring of protection
Scrolls
 d - a scroll of noise {unknown}
 e - 2 scrolls of fear
 g - a scroll of revelation
 i - 2 scrolls of teleportation {@r2}
 k - a scroll of acquirement {unknown}
 l - a scroll of amnesia
 m - 2 scrolls of vulnerability
 p - a scroll of silence {unknown}
Potions
 n - 2 potions of berserk rage {!q}
 o - 2 potions of might {unknown}

Dungeon Overview and Level Annotations

Branches:
Dungeon (4/15)
 Temple: D:4-7

Altars:

##.......## ##.###.#
#.......>.####...##.######
+.........+...............
#.........####...##.######
#.......# ##.###.# #...
#.....# ####..# #.##
####...#### #.## #.#
#######......)l.# #.# #.#
#.......#######@# #.# #.#
#.#####.# #.# #.# #.#
####l# #)########.# #.#
#....# #.).)......# #.##
.....##.# #.##########
#... #.#####.# #.# ####
#.......#######.# #.
#######..<......# ##
########### #


You could see a wyvern.


Message History

The wyvern closely misses you.
Aiming: Quicksilver Bolt
Press: ? - help, Shift-Dir - straight line, f/p - orc
Aim: an orc, wielding a +0 hand axe and wearing a +0 leather armour (71% to hit)
The bolt of dispelling energy hits the wyvern.
The wyvern is severely wounded.
The bolt of dispelling energy hits the orc!
You kill the orc!
The now-empty wand crumbles to dust.
The wyvern completely misses you. The wyvern bites you!
Unknown command.
You shoot an arrow. The arrow hits the wyvern.
The wyvern is severely wounded.
The wyvern completely misses you.
You shoot an arrow. The arrow barely misses the wyvern.
The wyvern completely misses you. The wyvern misses you.
You shoot an arrow. The arrow barely misses the wyvern.
The wyvern bites you.
You shoot an arrow. The arrow hits the wyvern.
The wyvern is almost dead.
The wyvern closely misses you. The wyvern misses you.
You shoot an arrow. The arrow closely misses the wyvern.
The wyvern completely misses you. The wyvern bites you!
* * * LOW HITPOINT WARNING * * *
You shoot an arrow. The arrow barely misses the wyvern.
The wyvern closely misses you.
You shoot an arrow.
The arrow hits the wyvern but does no damage.
The wyvern is almost dead.
The wyvern bites you!
You die...

Skill      XL: |  1  2  3  4  5  6 |
---------------+-------------------+-----
Ranged Weapons | 5 6 7 8 |  8.3
Fighting       | |  2.0
Dodging        | |  2.1
Stealth        | |  1.0

Action                     |  1- 3 |  4- 6 || total
---------------------------+-------+-------++-------
   Fire: Shortbow          |    79 |   193 ||   272
  Evoke: Wand              |       |     3 ||     3
    Use: Scroll            |       |     7 ||     7
         Potion            |       |     2 ||     2
 Armour: Leather armour    |     7 |    21 ||    28
         Skin              |       |     8 ||     8
  Dodge: Dodged            |    26 |   109 ||   135

Levels and vault maps discovered:
D:1:      scummos_arrival_simple_fountains, layout_loops_ring,
          chequers_serial_rivers_micro_e, st_stairs_8, skrybe_limestone_x,
          minivault_4
D:2:      layout_rooms, corner_web_ring, minmay_misc_feat_alley
D:3:      layout_basic
D:4:      layout_loops_corners, gammafunk_temple_overflow_wave,
          minmay_temple_entry_statues_pillars

Notes
Turn   | Place    | Note
-------+----------+-------------------------------------------
     0 | D:1      | Drazool the Tengu Hunter began the quest for the Orb.
     0 | D:1      | Reached XP level 1. HP: 12/12 MP: 2/2
   179 | D:1      | Reached XP level 2. HP: 17/17 MP: 3/3
   218 | D:1      | Reached skill level 5 in Ranged Weapons
   584 | D:1      | Reached XP level 3. HP: 21/21 MP: 4/4
   861 | D:2      | Reached skill level 6 in Ranged Weapons
   915 | D:2      | Reached XP level 4. HP: 26/26 MP: 5/5
  1426 | D:3      | Noticed a centaur
  1451 | D:3      | Killed a centaur
  1452 | D:3      | Reached skill level 7 in Ranged Weapons
  1452 | D:3      | Gained mutation: Your magical nature lets you fly swiftly
                  | and evasively. [Tengu growth]
  1452 | D:3      | Reached XP level 5. HP: 19/30 MP: 6/6
  2014 | D:3      | Reached XP level 6. HP: 29/35 MP: 7/7
  2536 | D:4      | Noticed a wyvern
  2721 | D:3      | Reached skill level 8 in Ranged Weapons
  3029 | D:4      | Mangled by a wyvern

Vanquished Creatures
  A centaur (D:3)
  An orc priest (D:3)
  2 orc wizards
  6 adders
  2 dart slugs
  13 orcs
  4 endoplasms
  5 giant cockroaches
  12 goblins
  6 hobgoblins
  3 kobolds
  4 quokkas
  8 ball pythons
  6 bats
  3 frilled lizards
  5 rats
81 creatures vanquished.

Table legend: (Time is in decaauts)
 A = Elapsed time spent in this place.
 B = Non-inter-level travel time spent in this place.
 C = Inter-level travel time spent in this place.
 D = Time resting spent in this place.
 E = Time spent auto-exploring this place.
 F = Levels seen in this place.
 G = Mean time per level.
                   A        B        C        D        E       F      G
               +--------+--------+--------+--------+--------+-----+--------+
         Total |   2944 |   2828 |    116 |    148 |   2073 |   4 |  736.0 |
       Dungeon |   2944 |   2828 |    116 |    148 |   2073 |   4 |  736.0 |
               +--------+--------+--------+--------+--------+-----+--------+

Top non-repeatable levels by time:
     D:3: 1215 daAuts
     D:1: 752 daAuts
     D:2: 632 daAuts
     D:4: 344 daAuts

Table legend:
 A = Non-vault XP
 B = Vault XP
 C = Vault XP percentage of total XP
 D = Non-vault monster count
 E = Vault monster count
 F = Vault count percentage of total count
                 A         B        C        D         E       F
            +---------+---------+-------+---------+---------+-------
      Total |     446 |       2 |   0.4 |      79 |       2 |   2.5
            +---------+---------+-------+---------+---------+-------
        D:1 |      33 |       2 |   5.7 |      18 |       2 |  10.0
        D:2 |      90 |       0 |   0.0 |      20 |       0 |   0.0
        D:3 |     264 |       0 |   0.0 |      32 |       0 |   0.0
        D:4 |      59 |       0 |   0.0 |       9 |       0 |   0.0
            +---------+---------+-------+---------+---------+-------
